[Event "Titled Tuesday Blitz October 31 Late 2023"]
[White "nicholas_ilic"]
[Black "Vargas, Mauricio"]
[BlackFideId "4404572"]
[WhiteElo "2392"]
[BlackElo "1854"]
[Result "1-0"]
[Round "5"]
[TimeControl "180+1"]
[Date "2023.10.31"]
[WhiteClock "0:00:57"]
[BlackClock "0:00:00"]
[Board "130"]

1. e4 c6 2. d4 d5 3. e5 Bf5 4. h4 h6 5. g4 Be4 6. f3 Bh7 7. e6 Qd6 8. exf7+ Kxf7 9. Kf2 e5 10. c3 exd4 11. cxd4 Nd7 12. Nh3 c5 13. Nc3 cxd4 14. Bf4 Qb6 15. Nxd5 Qxb2+ 16. Kg3 b6 17. Bc4 Rc8 18. Nc7+ Ke7 19. Re1+ Kf6 20. Re6+ Kf7 21. Re2+ Kf6 22. Rxb2 Ne7 23. g5+ hxg5 24. Bxg5+ Kg6 25. Qd3+ 1-0


[Site "https://www.chess.com"]

[Event "Titled Tuesday Blitz October 31 Late 2023"]
[White "Todorovic, Bojan"]
[Black "Burke, Paul"]
[WhiteFideId "917087"]
[BlackFideId "2605767"]
[WhiteElo "2389"]
[BlackElo "1889"]
[Result "1-0"]
[Round "5"]
[TimeControl "180+1"]
[Date "2023.10.31"]
[WhiteClock "0:01:43"]
[BlackClock "0:01:21"]
[Board "131"]

1. d4 a6 2. e4 d6 3. Be3 g6 4. Qd2 h6 5. Nc3 Bg7 6. h3 Nd7 7. Nf3 e5 8. Bc4 Ne7 9. O-O b5 10. Bb3 b4 11. Nd5 c6 12. Nxb4 a5 13. Nd3 a4 14. Bc4 Nb6 15. Qc3 Nxc4 16. Qxc4 O-O 17. dxe5 Be6 18. Qd4 c5 19. Qxd6 1-0


[Site "https://www.chess.com"]

[Event "Titled Tuesday Blitz October 31 Late 2023"]
[White "Kawuma, Patrick"]
[Black "KorolDimitriy75"]
[WhiteFideId "10000127"]
[WhiteElo "2381"]
[BlackElo "2346"]
[Result "1-0"]
[Round "5"]
[TimeControl "180+1"]
[Date "2023.10.31"]
[WhiteClock "0:00:04"]
[BlackClock "0:00:00"]
[Board "132"]

1. Nf3 c5 2. c4 g6 3. Nc3 Bg7 4. d4 cxd4 5. Nxd4 Nc6 6. Nf3 Nf6 7. e4 O-O 8. Be2 d6 9. O-O Be6 10. Bd2 Rc8 11. Rc1 a6 12. h3 h6 13. Be3 Kh7 14. Qd2 Qa5 15. Rfd1 Rfe8 16. Qd3 Nd7 17. Qb1 Nde5 18. Nd2 f5 19. Nb3 Qb4 20. Nd5 Bxd5 21. cxd5 f4 22. Bd2 Qa4 23. dxc6 bxc6 24. Bxf4 Rf8 25. Be3 c5 26. Nd2 Nc6 27. Nc4 Nd4 28. Bxd4 Bxd4 29. Rf1 Qc6 30. b3 Rf6 31. Qd3 Rcf8 32. Bf3 e5 33. Ne3 Qd7 34. Ng4 Rf4 35. Be2 h5 36. Ne3 Qe6 37. Rcd1 Qf6 38. f3 Qh4 39. Kh2 Qg5 40. Nd5 R4f7 41. Qd2 Qh4 42. Qe1 Qg5 43. Qg3 Qh6 44. Bc4 Kh8 45. Rde1 Kh7 46. Re2 Kh8 47. Bxa6 Kh7 48. Bc4 Kh8 49. a4 Kh7 50. a5 Kh8 51. a6 Kh7 52. Qe1 Qg5 53. Qg3 Qh6 54. Rc2 Kh8 55. Nc3 Be3 56. Ne2 Kh7 57. Rc3 Rg7 58. Rxe3 Qxe3 59. Qf2 Qg5 60. Ra1 Kh6 61. a7 Rgg8 62. Bxg8 Rxg8 63. a8=Q Rxa8 64. Rxa8 Qf6 65. Ng3 Qf4 66. Kh1 h4 67. Nf1 Qc1 68. Ra2 g5 69. Qd2 Qxf1+ 70. Kh2 Qb1 71. Ra6 Kh5 72. Rxd6 Qxb3 73. Rd5 1-0


[Site "https://www.chess.com"]

[Event "Titled Tuesday Blitz October 31 Late 2023"]
[White "Bokros, Albert"]
[Black "Nikolova, Adriana"]
[WhiteFideId "710458"]
[BlackFideId "2908689"]
[WhiteElo "2332"]
[BlackElo "2379"]
[Result "0-1"]
[Round "5"]
[TimeControl "180+1"]
[Date "2023.10.31"]
[WhiteClock "0:00:34"]
[BlackClock "0:01:29"]
[Board "133"]

1. e4 c6 2. d4 d5 3. e5 Bf5 4. h4 h5 5. Bg5 Qb6 6. Bd3 Bxd3 7. Qxd3 e6 8. Nf3 Qa6 9. Qb3 Ne7 10. Nbd2 Nf5 11. c4 Qb6 12. c5 Qxb3 13. axb3 Be7 14. Bxe7 Kxe7 15. b4 a6 16. Nb1 Nd7 17. Nc3 b5 18. Ra5 Ra7 19. Ke2 f6 20. exf6+ gxf6 21. g3 e5 22. dxe5 fxe5 23. Rha1 Rha8 24. Ng5 Nd4+ 25. Kd3 Nb3 26. R1a3 e4+ 27. Ke2 Nxa5 28. Rxa5 Rf8 29. Nd1 Ne5 30. Ne3 Nd3 31. Nc2 Rxf2+ 32. Kd1 Nxb2+ 33. Kc1 Nd3+ 34. Kd1 Nb2+ 35. Kc1 Nc4 36. Ra2 Rf1+ 37. Ne1 Rxe1+ 38. Kc2 Re2+ 0-1


[Site "https://www.chess.com"]

[Event "Titled Tuesday Blitz October 31 Late 2023"]
[White "Martinez, Shawn"]
[Black "Desideri, Ricardo Maruchi"]
[WhiteFideId "2039770"]
[BlackFideId "2110440"]
[WhiteElo "2360"]
[BlackElo "1957"]
[Result "1-0"]
[Round "5"]
[TimeControl "180+1"]
[Date "2023.10.31"]
[WhiteClock "0:00:15"]
[BlackClock "0:00:00"]
[Board "134"]

1. e4 c5 2. Nc3 e6 3. g3 d5 4. Bg2 d4 5. Nce2 Nc6 6. d3 Be7 7. f4 Nf6 8. Nf3 h5 9. O-O Ng4 10. h3 Nf6 11. Bd2 Qc7 12. a3 b5 13. c3 dxc3 14. Nxc3 a6 15. Be3 Bb7 16. Rc1 Rd8 17. Qe2 Qb6 18. Qf2 Nd4 19. b4 O-O 20. Ne2 Nxf3+ 21. Bxf3 Rxd3 22. Bxc5 Bxc5 23. Rxc5 Nxe4 24. Bxe4 Bxe4 25. Rxh5 Qxf2+ 26. Kxf2 Bf3 27. Re5 Bd5 28. Re3 Rd2 29. Ke1 Ra2 30. Nc1 Ra1 31. Rc3 Rd8 32. Rf2 Bc4 33. Rd2 Rxd2 34. Kxd2 Rb1 35. Ke3 Rb2 36. Kd4 Rg2 37. Kc5 g6 38. Kb6 Kg7 39. Kxa6 Rh2 40. h4 Rh3 41. Kb6 Rh2 42. a4 bxa4 43. Rxc4 a3 44. b5 a2 45. Ra4 Rb2 46. Nxa2 1-0


[Site "https://www.chess.com"]

[Event "Titled Tuesday Blitz October 31 Late 2023"]
[White "Howell, David W L"]
[Black "Fernandez, Maria Florencia"]
[WhiteFideId "410608"]
[BlackFideId "116459"]
[WhiteElo "2974"]
[BlackElo "2313"]
[Result "1-0"]
[Round "5"]
[TimeControl "180+1"]
[Date "2023.10.31"]
[WhiteClock "0:00:07"]
[BlackClock "0:00:02"]
[Board "135"]

1. d4 Nf6 2. Bf4 g6 3. Nc3 Bg7 4. e4 d6 5. Qd2 O-O 6. O-O-O c6 7. e5 dxe5 8. dxe5 Qxd2+ 9. Rxd2 Ng4 10. Nf3 Nd7 11. Re2 Nc5 12. h3 Ne6 13. Bd2 Nh6 14. g4 f5 15. exf6 exf6 16. Bg2 f5 17. g5 Nf7 18. Rhe1 Nd4 19. Nxd4 Bxd4 20. Bf4 a5 21. h4 a4 22. Rd2 Bc5 23. a3 Ra6 24. Bf1 Ra5 25. Bc4 b5 26. Ba2 b4 27. axb4 Bxb4 28. Rd4 Bc5 29. Rd2 a3 30. Kb1 axb2 31. Kxb2 Bb4 32. Bb3 Rc5 33. Re3 Ba6 34. Rd7 Bc4 35. Na4 Bxb3 36. Nxc5 Bxc5 37. Rxb3 Rc8 38. Rbb7 Nd8 39. Rb8 Rxb8+ 40. Bxb8 Bb6 41. Bc7 Bxc7 42. Rxc7 Ne6 43. Rxc6 Nf4 44. c4 Ng2 45. c5 Nxh4 46. Rd6 Kf7 47. c6 Ke7 48. Rd3 Ng2 49. c7 Nf4 50. Rd2 Ne6 51. c8=Q Nxg5 52. Qd8+ Kf7 53. Qxg5 Kg7 54. Rd7+ 1-0


[Site "https://www.chess.com"]

[Event "Titled Tuesday Blitz October 31 Late 2023"]
[White "Sarkar, Justin"]
[Black "Ardelean, George-Catalin"]
[WhiteFideId "2010011"]
[BlackFideId "1207091"]
[WhiteElo "2215"]
[BlackElo "2719"]
[Result "0-1"]
[Round "5"]
[TimeControl "180+1"]
[Date "2023.10.31"]
[WhiteClock "0:00:00"]
[BlackClock "0:01:15"]
[Board "136"]

1. e4 c5 2. Nf3 Nc6 3. d4 cxd4 4. Nxd4 Nf6 5. Nc3 d6 6. Bb5 Bd7 7. Bg5 Qb6 8. Be3 Qa5 9. Nb3 Qd8 10. O-O a6 11. Be2 e6 12. f4 Be7 13. g4 h6 14. g5 hxg5 15. fxg5 Nh7 16. g6 fxg6 17. Nd4 Ne5 18. Kh1 Nf6 19. a4 Qc7 20. a5 O-O-O 21. Na4 Kb8 22. Nb6 Nxe4 23. Nxd7+ Qxd7 24. b4 Ng3+ 25. Kg2 Nxf1 26. Qxf1 Rdf8 27. Qe1 Bh4 28. Qd2 Nc6 29. b5 Nxd4 30. Qxd4 Qc7 31. Qa7+ Kc8 32. Bb6 Qb8 33. bxa6 Qxa7 34. Bxa7 bxa6 35. Bxa6+ Kd7 36. Bb5+ Ke7 0-1


[Site "https://www.chess.com"]

[Event "Titled Tuesday Blitz October 31 Late 2023"]
[White "Perry, Patrick"]
[Black "Martinez Reyes, Pedro Ramon"]
[WhiteFideId "30917727"]
[BlackFideId "3901807"]
[WhiteElo "2195"]
[BlackElo "2612"]
[Result "0-1"]
[Round "5"]
[TimeControl "180+1"]
[Date "2023.10.31"]
[WhiteClock "0:01:00"]
[BlackClock "0:00:46"]
[Board "137"]

1. e4 d6 2. d4 Nf6 3. Nc3 g6 4. f4 c5 5. dxc5 Qa5 6. Bd3 Qxc5 7. Nf3 Bg7 8. Qe2 Qb6 9. e5 dxe5 10. fxe5 Nfd7 11. e6 Qxe6 12. Qxe6 fxe6 13. Nb5 Na6 14. Ng5 Ndc5 15. O-O Nxd3 16. cxd3 Bd7 17. a4 h6 18. Ne4 Rf8 19. Bd2 Rf5 20. Bc3 e5 21. h3 Bc6 22. g4 Rf7 23. Rxf7 Kxf7 24. Rf1+ Ke6 25. Rf3 Rd8 26. Kf1 Rd5 27. Nxa7 Bxa4 28. Nc8 Bb5 29. Ke2 Nc5 30. Nxc5+ Rxc5 31. Nb6 e4 32. Re3 Bxd3+ 33. Rxd3 exd3+ 34. Kxd3 Bxc3 35. bxc3 h5 36. Nc4 Rxc4 37. Kxc4 hxg4 38. hxg4 Ke5 39. Kb5 Kf4 40. Kb6 e5 41. Kxb7 e4 42. c4 e3 43. c5 e2 44. c6 e1=Q 45. c7 Qb4+ 46. Ka7 Qc4 47. Kb8 Kxg4 48. c8=Q+ Qxc8+ 0-1


[Site "https://www.chess.com"]

[Event "Titled Tuesday Blitz October 31 Late 2023"]
[White "Mariia89"]
[Black "Koc, Przemyslaw"]
[BlackFideId "1109081"]
[WhiteElo "2181"]
[BlackElo "2442"]
[Result "0-1"]
[Round "5"]
[TimeControl "180+1"]
[Date "2023.10.31"]
[WhiteClock "0:00:02"]
[BlackClock "0:00:40"]
[Board "138"]

1. d4 d6 2. Nf3 f5 3. g3 Nf6 4. Bg2 g6 5. O-O Bg7 6. c4 O-O 7. Nc3 Qe8 8. Re1 Qf7 9. e4 fxe4 10. Nxe4 Qxc4 11. Neg5 Nc6 12. Be3 h6 13. Nh3 g5 14. Nhxg5 hxg5 15. Nxg5 Bf5 16. b3 Qb4 17. Rc1 Rae8 18. Rc4 Qa3 19. Ra4 Qb2 20. d5 Ne5 21. Bd4 Qc2 22. Qa1 a6 23. Rc1 Qe2 24. Rxc7 Qh5 25. h4 Nh7 26. Ne6 Bxe6 27. dxe6 Nf6 28. Rxb7 Nfg4 29. Rxa6 Nxf2 30. Raa7 Bf6 31. Bxf2 Nf3+ 32. Bxf3 Qxf3 33. Qe1 Bc3 34. Qf1 Bd4 35. Rxe7 Bxf2+ 36. Kh2 Bxg3+ 37. Kh3 Qxf1+ 38. Kg4 Qf4+ 39. Kh3 Qxh4+ 40. Kg2 Rf2+ 41. Kg1 Qh2# 0-1


[Site "https://www.chess.com"]

[Event "Titled Tuesday Blitz October 31 Late 2023"]
[White "Wisniowski, Natalie"]
[Black "Kujawski, Adam"]
[WhiteFideId "30929261"]
[BlackFideId "1100920"]
[WhiteElo "2161"]
[BlackElo "2332"]
[Result "0-1"]
[Round "5"]
[TimeControl "180+1"]
[Date "2023.10.31"]
[WhiteClock "0:00:12"]
[BlackClock "0:00:43"]
[Board "139"]

1. e4 e5 2. Nf3 Nc6 3. d4 exd4 4. Bc4 Nf6 5. Ng5 Ne5 6. Bb3 h6 7. Nf3 Nxf3+ 8. Qxf3 d6 9. h3 Be7 10. O-O O-O 11. Nd2 Be6 12. Rd1 Qd7 13. Nc4 c5 14. e5 dxe5 15. Nxe5 Qc7 16. Bf4 Bd6 17. c3 Bxe5 18. Bxe5 Qxe5 19. cxd4 cxd4 20. Qxb7 Rab8 21. Qxa7 Bxb3 22. axb3 Rxb3 23. Rxd4 Rxb2 24. Rad1 Re2 25. Rd8 Re1+ 26. Rxe1 Qxe1+ 27. Kh2 Rxd8 0-1


[Site "https://www.chess.com"]

[Event "Titled Tuesday Blitz October 31 Late 2023"]
[White "Romero Ruscalleda, Josep"]
[Black "Fernandez Hernandez, Gerardo"]
[WhiteFideId "2231859"]
[BlackFideId "2207400"]
[WhiteElo "2299"]
[BlackElo "2153"]
[Result "1-0"]
[Round "5"]
[TimeControl "180+1"]
[Date "2023.10.31"]
[WhiteClock "0:00:07"]
[BlackClock "0:00:00"]
[Board "140"]

1. e4 e6 2. d4 d5 3. e5 c5 4. c3 Nc6 5. Be3 cxd4 6. cxd4 Qb6 7. Qd2 Nge7 8. Nf3 Nf5 9. Bd3 Be7 10. Nc3 Nxe3 11. fxe3 Bd7 12. O-O O-O 13. a3 Na5 14. Qc2 h6 15. Nd2 Bg5 16. Rae1 f5 17. exf6 Rxf6 18. Rxf6 Bxf6 19. b4 Nc4 20. Bxc4 dxc4 21. Nce4 Be7 22. Qxc4 Rc8 23. Qb3 Qc6 24. Nc5 b6 25. Nxd7 Qxd7 26. Nf3 Qd5 27. Qb1 Rc3 28. Rc1 Qf5 29. Qb2 Rxe3 30. Kf2 Bg5 31. Rc8+ Kh7 32. a4 Re4 33. b5 Be3+ 34. Kf1 Bxd4 35. Qc2 Rf4 36. Qxf5+ Rxf5 37. Rc7 Bc5 38. Ke2 Rf4 39. Rxa7 Rb4 40. Ne5 Bd4 41. Nc6 Rb2+ 42. Kd3 Bf6 43. g3 Rxh2 44. Rb7 Rg2 45. Rxb6 Rxg3+ 46. Ke4 h5 47. a5 Ra3 48. a6 h4 49. Ne5 Bxe5 50. Kxe5 h3 51. a7 Rxa7 52. Ra6 h2 53. Rxa7 h1=Q 54. Kxe6 Qe1+ 55. Kd6 Qd2+ 56. Kc6 Qc3+ 57. Kb7 Qb4 58. b6 g5 59. Ra2 Kg6 60. Ka7 1-0


[Site "https://www.chess.com"]

[Event "Titled Tuesday Blitz October 31 Late 2023"]
[White "Guevara Sanchez, Erick Marvin"]
[Black "Bazzano, Sebastian"]
[WhiteFideId "6700136"]
[BlackFideId "104566"]
[WhiteElo "2150"]
[BlackElo "2255"]
[Result "0-1"]
[Round "5"]
[TimeControl "180+1"]
[Date "2023.10.31"]
[WhiteClock "0:01:18"]
[BlackClock "0:01:33"]
[Board "141"]

1. e4 e6 2. d4 d5 3. Nc3 dxe4 4. Nxe4 Bd7 5. Bg5 Be7 6. Bxe7 Qxe7 7. Nf3 Bc6 8. Bd3 Bxe4 9. Bxe4 Nf6 10. Bd3 Qb4+ 11. Qd2 Qxd2+ 12. Kxd2 c6 13. c3 Nbd7 14. Rhe1 O-O-O 15. Ng5 Rhf8 16. h3 h6 17. Ne4 Nxe4+ 18. Rxe4 Nf6 19. Re5 Rd5 20. Rae1 Rfd8 21. g3 Kc7 22. Bc4 Rxe5 23. Rxe5 b5 24. Bb3 Nd7 25. a4 Nxe5 0-1


[Site "https://www.chess.com"]

[Event "Titled Tuesday Blitz October 31 Late 2023"]
[White "ChessDojo"]
[Black "Lock, Gavin R"]
[BlackFideId "408646"]
[WhiteElo "2121"]
[BlackElo "2234"]
[Result "0-1"]
[Round "5"]
[TimeControl "180+1"]
[Date "2023.10.31"]
[WhiteClock "0:01:24"]
[BlackClock "0:00:43"]
[Board "142"]

1. c4 e6 2. e4 d5 3. cxd5 exd5 4. Nc3 dxe4 5. Qa4+ Nc6 6. Bb5 Bd7 7. Qxe4+ Be7 8. d4 Nf6 9. Qe3 O-O 10. Nf3 Nb4 11. Qd2 Bxb5 12. Nxb5 Ne4 13. Qe2 Bd6 14. Qxe4 Re8 15. Ne5 Bxe5 16. dxe5 Rxe5 17. Qxe5 Nd3+ 18. Kf1 Nxe5 19. Be3 Qd3+ 0-1


[Site "https://www.chess.com"]

[Event "Titled Tuesday Blitz October 31 Late 2023"]
[White "Oliveira, Tiago Batista"]
[Black "Smirnov, Timofey"]
[WhiteFideId "2108291"]
[BlackFideId "24176427"]
[WhiteElo "2040"]
[BlackElo "2233"]
[Result "1-0"]
[Round "5"]
[TimeControl "180+1"]
[Date "2023.10.31"]
[WhiteClock "0:00:05"]
[BlackClock "0:00:00"]
[Board "143"]

1. d4 d5 2. c4 c6 3. Nf3 Nf6 4. Qc2 e6 5. g3 Be7 6. Bg2 O-O 7. O-O a5 8. Nbd2 Nbd7 9. Rd1 Qc7 10. e4 dxe4 11. Nxe4 Nxe4 12. Qxe4 Nf6 13. Qc2 Rd8 14. c5 b5 15. Bf4 Qb7 16. Ne5 Nd5 17. Bd2 b4 18. Qe4 Bf6 19. Bf1 Bxe5 20. dxe5 Qe7 21. Bd3 g6 22. h4 Qxc5 23. Rac1 Qb6 24. h5 Ba6 25. Bb1 Bb5 26. hxg6 hxg6 27. Bh6 Ne7 28. Qh4 Rxd1+ 29. Rxd1 Rd8 30. Re1 Nd5 31. Bg5 Rd7 32. Bf6 Nxf6 33. exf6 Qd4 34. Re4 Qd1+ 35. Kh2 Qxb1 36. Qh6 1-0


[Site "https://www.chess.com"]

[Event "Titled Tuesday Blitz October 31 Late 2023"]
[White "leonidsh29"]
[Black "pinguino120"]
[WhiteElo "2028"]
[BlackElo "2232"]
[Result "0-1"]
[Round "5"]
[TimeControl "180+1"]
[Date "2023.10.31"]
[WhiteClock "0:00:00"]
[BlackClock "0:00:43"]
[Board "144"]

1. d4 Nf6 2. c4 g6 3. Nf3 d5 4. cxd5 Nxd5 5. e4 Nb6 6. Nc3 Bg7 7. h3 O-O 8. Be3 c6 9. Be2 N8d7 10. O-O e5 11. d5 Re8 12. dxc6 bxc6 13. Qd6 Qf6 14. Rfd1 Nf8 15. Qxf6 Bxf6 16. Rd6 Re6 17. Rad1 Bb7 18. Bg5 Bxg5 19. Nxg5 Rxd6 20. Rxd6 h6 21. Nf3 Nfd7 22. Bc4 Kf8 23. Bb3 Ke7 24. Rd1 f6 25. Nd2 Nc5 26. Bc2 Rd8 27. Nb3 Rxd1+ 28. Nxd1 Nxb3 29. Bxb3 Ba6 30. f3 Nc4 31. Kf2 Nd6 32. Ke3 Nb5 33. Nc3 Nd4 34. Bd1 Kd6 35. Ne2 c5 36. Nc1 Bf1 37. Kf2 Bc4 38. a3 Be6 39. Ke3 a5 40. Ne2 Bc4 41. Nc3 Bf1 42. Kf2 Bc4 43. Ke3 Kc6 44. Kf2 Kb6 45. Ke3 Kc6 46. Kf2 Bb3 47. Bxb3 Nxb3 48. Ke3 c4 49. Nd1 Nc5 50. Kd2 Nd3 51. Kc3 Kc5 52. Ne3 Ne1 53. Kd2 Nd3 54. Kc3 a4 55. Nxc4 Ne1 56. Ne3 f5 57. Kd2 f4 58. Kxe1 fxe3 59. Ke2 Kd4 60. g3 Kc4 61. Kxe3 Kb3 62. f4 Kxb2 63. fxe5 Kxa3 0-1


[Site "https://www.chess.com"]

[Event "Titled Tuesday Blitz October 31 Late 2023"]
[White "Broca Jimenez, Fernando"]
[Black "Bongo Akanga Ndjila, Barthelemy"]
[WhiteFideId "5104742"]
[BlackFideId "10609431"]
[WhiteElo "2230"]
[BlackElo "2018"]
[Result "1-0"]
[Round "5"]
[TimeControl "180+1"]
[Date "2023.10.31"]
[WhiteClock "0:00:38"]
[BlackClock "0:00:00"]
[Board "145"]

1. e4 e6 2. d4 d5 3. exd5 exd5 4. Bd3 Bd6 5. Nf3 Ne7 6. Bg5 f6 7. Bh4 O-O 8. O-O Bf5 9. Re1 Bg4 10. Nbd2 Nf5 11. Bg3 Bxg3 12. hxg3 Nc6 13. c3 Qd7 14. Qc2 Rae8 15. Nh2 Nh6 16. Bxh7+ Kh8 17. Bg6 Rxe1+ 18. Rxe1 Bf5 19. Bxf5 Nxf5 20. Qd3 Kg8 21. Nhf3 Kf7 22. g4 Nd6 23. g5 Qf5 24. Qxf5 Nxf5 25. g4 Nd6 26. Kg2 Ne7 27. gxf6 gxf6 28. Nh4 Rh8 29. Kg3 Rg8 30. f3 Nef5+ 31. Nxf5 Nxf5+ 32. Kf4 Nh4 33. Re2 Ng6+ 34. Kg3 Rh8 35. Nf1 Rh1 36. Ne3 Rg1+ 37. Kf2 Rh1 38. Nxd5 c6 39. Nb4 Nf4 40. Rc2 a5 41. Ke3 1-0


[Site "https://www.chess.com"]

[Event "Titled Tuesday Blitz October 31 Late 2023"]
[White "Krasik, Ilya"]
[Black "Lukey, Stephen G"]
[WhiteFideId "2024527"]
[BlackFideId "4300386"]
[WhiteElo "1968"]
[BlackElo "2229"]
[Result "1/2-1/2"]
[Round "5"]
[TimeControl "180+1"]
[Date "2023.10.31"]
[WhiteClock "0:00:08"]
[BlackClock "0:00:04"]
[Board "146"]

1. d4 Nf6 2. c4 g6 3. Nc3 Bg7 4. e4 O-O 5. Be2 d6 6. Bg5 c5 7. d5 a6 8. a4 e6 9. Nf3 exd5 10. cxd5 Qa5 11. Nd2 Re8 12. O-O Nbd7 13. Nc4 Qc7 14. Qc2 Ne5 15. Ne3 c4 16. a5 Bd7 17. h3 Bb5 18. Kh2 Rac8 19. f4 Nd3 20. Bxd3 cxd3 21. Qb3 Nxe4 22. Nxb5 axb5 23. Qxd3 Nxg5 24. fxg5 Be5+ 25. Kh1 Qe7 26. h4 Qd7 27. Qe4 Rc5 28. Qf3 Bxb2 29. Ng4 Bg7 30. Nf6+ Bxf6 31. Qxf6 Rxd5 32. Rac1 Qe6 33. Qf4 Re5 34. Rc7 Re4 35. Qxf7+ Qxf7 36. Rfxf7 Rxh4+ 37. Kg1 Rh5 38. Rg7+ Kh8 39. Rxb7 d5 40. Rgd7 Rxg5 41. Rxh7+ Kg8 42. Rhg7+ Kh8 43. Rh7+ Kg8 44. Rbg7+ Kf8 45. Rf7+ Kg8 46. Rhg7+ Kh8 47. Rh7+ Kg8 48. Rhg7+ Kh8 49. Rh7+ Kg8 1/2-1/2


[Site "https://www.chess.com"]

[Event "Titled Tuesday Blitz October 31 Late 2023"]
[White "Kazakouski, Valery"]
[Black "Nihal Sarin"]
[WhiteFideId "13507443"]
[BlackFideId "25092340"]
[WhiteElo "2898"]
[BlackElo "3138"]
[Result "0-1"]
[Round "6"]
[TimeControl "180+1"]
[Date "2023.10.31"]
[WhiteClock "0:00:00"]
[BlackClock "0:00:08"]
[Board "1"]

1. Nf3 b6 2. g3 Bb7 3. Bg2 Nf6 4. O-O g6 5. d4 Bg7 6. c4 e6 7. Qc2 Be4 8. Qd1 Bb7 9. Qc2 Be4 10. Qd1 O-O 11. Nc3 Bb7 12. Qc2 d5 13. cxd5 Nxd5 14. Rd1 Nxc3 15. bxc3 Nd7 16. Bg5 Qc8 17. Rac1 c5 18. Bf4 Rd8 19. h4 h5 20. Bg5 Re8 21. Qb1 Nf6 22. Bxf6 Bxf6 23. e3 Qc7 24. Nd2 Bxg2 25. Kxg2 Rac8 26. Ne4 Be7 27. d5 exd5 28. Rxd5 Rcd8 29. Rcd1 Rxd5 30. Rxd5 Rd8 31. Qd3 Rxd5 32. Qxd5 Qd8 33. Qxd8+ Bxd8 34. c4 Kf8 35. Kf3 Ke7 36. Nc3 Ke6 37. Ke4 Bc7 38. f4 Bd8 39. Kf3 f6 40. e4 g5 41. hxg5 fxg5 42. e5 h4 43. gxh4 gxf4 44. Kxf4 Bc7 45. Nb5 Bxe5+ 46. Ke4 a6 47. Na3 Bb2 48. Nc2 b5 49. cxb5 axb5 50. h5 Bg7 51. Ne3 b4 52. Nc4 Bh6 53. Ne5 Bg7 54. Nd3 Kd6 55. Nc1 c4 56. Ne2 Kc5 57. Ke3 Bh6+ 58. Ke4 Kb5 59. Kd5 Bg7 60. Ke4 Ka4 61. Kd5 c3 62. Kc4 Ka3 63. Kb5 c2 64. Kc4 Bh6 0-1


[Site "https://www.chess.com"]

[Event "Titled Tuesday Blitz October 31 Late 2023"]
[White "Martinez Alcantara, Jose Eduardo"]
[Black "Aravindh, Chithambaram VR."]
[WhiteFideId "3805662"]
[BlackFideId "5072786"]
[WhiteElo "3128"]
[BlackElo "2893"]
[Result "0-1"]
[Round "6"]
[TimeControl "180+1"]
[Date "2023.10.31"]
[WhiteClock "0:00:18"]
[BlackClock "0:00:09"]
[Board "2"]

1. e4 e5 2. Nf3 Nf6 3. Nc3 Nc6 4. h3 Bb4 5. Bd3 d6 6. a3 Bc5 7. b4 Bb6 8. Na4 d5 9. exd5 Qxd5 10. O-O O-O 11. Re1 Re8 12. Bb2 a6 13. Bf1 Ba7 14. d3 Bf5 15. Nc3 Qd7 16. Ne4 Nxe4 17. dxe4 Be6 18. Qxd7 Bxd7 19. Rad1 Rad8 20. Bc4 Kf8 21. Bd5 f6 22. Rd2 Bc8 23. Red1 Ne7 24. Bc4 Rxd2 25. Rxd2 b5 26. Bb3 Ng6 27. c4 Be6 28. Rc2 Rd8 29. Bc1 Rd1+ 30. Kh2 Bxf2 31. a4 Ba7 32. Ba2 bxa4 33. Bd2 Nf4 34. c5 Bb3 35. Rb2 Nd3 36. Bxb3 Nxb2 37. Bxd1 Nxd1 38. Bc1 Nc3 39. Nd2 a5 40. bxa5 Bxc5 41. a6 Nb5 42. Nc4 Ke8 43. Kg3 Kd7 44. Kf3 Kc8 45. Na5 a3 46. Ke2 a2 47. Nb3 Nd4+ 48. Kd3 Nxb3 49. Bb2 a1=Q 50. Bxa1 Nxa1 51. Kc4 Bd4 52. Kd5 Kd7 53. g4 c6+ 54. Kc4 Kc7 55. g5 Kb6 56. g6 hxg6 57. h4 Kxa6 58. h5 gxh5 59. Kd3 Kb5 60. Ke2 c5 61. Kf3 c4 62. Kg2 c3 63. Kh3 c2 64. Kh4 c1=Q 65. Kxh5 Qg5# 0-1


[Site "https://www.chess.com"]

[Event "Titled Tuesday Blitz October 31 Late 2023"]
[White "Andreikin, Dmitry"]
[Black "Krallis, Christos"]
[WhiteFideId "4158814"]
[BlackFideId "4298896"]
[WhiteElo "3118"]
[BlackElo "2755"]
[Result "1-0"]
[Round "6"]
[TimeControl "180+1"]
[Date "2023.10.31"]
[WhiteClock "0:02:14"]
[BlackClock "0:00:17"]
[Board "3"]

1. d4 Nf6 2. c4 e6 3. Nf3 d5 4. Nc3 Be7 5. Bf4 O-O 6. e3 c5 7. dxc5 Bxc5 8. a3 Nc6 9. Be2 dxc4 10. O-O a6 11. Bxc4 b5 12. Bd3 Qe7 13. Ne4 Nd5 14. Rc1 f5 15. Nxc5 e5 16. Bxb5 axb5 17. Qxd5+ Kh8 18. Qxc6 1-0


[Site "https://www.chess.com"]

[Event "Titled Tuesday Blitz October 31 Late 2023"]
[White "Hong, Andrew"]
[Black "Sokolovsky, Yahli"]
[WhiteFideId "2099438"]
[BlackFideId "2820242"]
[WhiteElo "2963"]
[BlackElo "2800"]
[Result "0-1"]
[Round "6"]
[TimeControl "180+1"]
[Date "2023.10.31"]
[WhiteClock "0:00:05"]
[BlackClock "0:00:11"]
[Board "4"]

1. e4 d6 2. d4 g6 3. Nc3 Bg7 4. Be3 a6 5. h4 h5 6. Qd2 b5 7. f3 c6 8. Bd3 Nf6 9. O-O-O Nbd7 10. Nh3 Nb6 11. Ng5 b4 12. Ne2 a5 13. Nf4 e5 14. dxe5 dxe5 15. Nfh3 O-O 16. Qf2 Rb8 17. Bc5 Qc7 18. g4 hxg4 19. fxg4 Bxg4 20. Rdg1 Rfd8 21. Qe3 Na4 22. Bc4 Rd7 23. Nxf7 Rxf7 24. Ng5 Bh6 25. Kb1 Nxc5 26. Qxc5 Rf8 27. Rf1 Bxg5 28. hxg5 Nh5 29. Rxf7 Rxf7 30. Rg1 Bh3 31. Qe3 Bc8 32. Rf1 Nf4 33. Rd1 Be6 34. Bxe6 Nxe6 35. Qh3 Nf4 36. Qb3 Kg7 37. Rh1 Rd7 38. Qg3 Qd8 39. Qf3 Rd2 40. a3 Qd4 41. axb4 axb4 42. Qg4 Qd7 43. Qf3 c5 44. Rf1 c4 45. Qh1 b3 46. Qh6+ Kg8 47. Qh1 bxc2+ 48. Kc1 Rd1+ 49. Kxc2 Rxf1 50. Qxf1 Qd3+ 51. Qxd3 cxd3+ 52. Kc3 Kf7 53. b4 Ke6 54. b5 Kd6 55. b6 Kc6 56. Kc4 d2 57. b7 Kxb7 58. Kc5 d1=Q 59. Kc4 Qd4+ 60. Kb5 Kc7 61. Ka6 Kc6 62. Ka5 Ne6 63. Ka6 Qb6# 0-1


[Site "https://www.chess.com"]

[Event "Titled Tuesday Blitz October 31 Late 2023"]
[White "Krzyzanowski, Marcin"]
[Black "Bok, Benjamin"]
[WhiteFideId "1132199"]
[BlackFideId "1017063"]
[WhiteElo "2777"]
[BlackElo "2960"]
[Result "0-1"]
[Round "6"]
[TimeControl "180+1"]
[Date "2023.10.31"]
[WhiteClock "0:00:03"]
[BlackClock "0:00:18"]
[Board "5"]

1. e4 c5 2. Nf3 d6 3. d4 cxd4 4. Nxd4 Nf6 5. Nc3 a6 6. Be2 e5 7. Nb3 Be7 8. O-O O-O 9. Qd3 Be6 10. Bd2 Nbd7 11. Nd5 Bxd5 12. exd5 Rc8 13. c4 g6 14. a4 Ne8 15. a5 Bg5 16. Bxg5 Qxg5 17. Nd2 f5 18. b4 e4 19. Qe3 Qxe3 20. fxe3 Nef6 21. Rfc1 Ne5 22. Nb3 Nd3 23. Bxd3 exd3 24. Nd4 Rfe8 25. Ne6 d2 26. Rd1 Rxc4 27. Rxd2 Nxd5 28. Rxd5 Rxe6 29. b5 Rxe3 30. bxa6 bxa6 31. Ra2 Re6 32. Rb2 Rc5 33. Rxc5 dxc5 34. Rb6 Kf7 35. Kf2 c4 36. Kf3 c3 37. Rb7+ Re7 38. Rb1 c2 39. Rc1 Rc7 40. Ke3 Ke6 41. Kd2 Kd5 42. h4 Kd4 43. g3 Rc5 44. h5 gxh5 45. Ke2 Kc3 46. Rh1 Kb2 47. Rh2 c1=Q 48. Kf3+ Kb3 49. g4 Rc3+ 50. Kg2 Qd2+ 51. Kh1 Rc1# 0-1


[Site "https://www.chess.com"]